 Dungeon Crawl Stone Soup version 0.14.0-6-g1bc2dff (console) character file.

9984 RTR the Gouger (level 11, 0/53 HPs)
             Began as a Felid Monk on Apr 21, 2014.
             Was the Champion of Okawaru.
             Slain by a spiny frog (9 damage)
             ... on Level 4 of the Lair of Beasts.
             The game lasted 01:07:56 (8475 turns).

RTR the Gouger (Felid Monk)                         Turns: 8475, Time: 01:07:56

HP   0/53        AC  6     Str  9      XL: 11   Next: 22%
MP  22/22        EV 27     Int 15      God: Okawaru [******]
Gold 555         SH  0     Dex 19      Spells:  1 memorised, 12 levels left
Lives: 0, deaths: 3

rFire  . . .     SeeInvis +       - Unarmed
rCold  . . .     Clarity  .     (armour unavailable)
rNeg   . . .     Conserve .     (shield unavailable)
rPois  .         rCorr    .     (helmet unavailable)
rElec  .         rRot     .     (cloak unavailable)
SustAb . .       Spirit   .     (gloves unavailable)
rMut   .         Warding  .     (boots unavailable)
Saprov . . .     Stasis   .     j - amulet of rage
MR     ++...                    (no ring)
                                i - ring of protection from magic {unknown}

@: quick, very resistant to hostile enchantments, extremely stealthy
A: paw claws, no armour, no weapons or thrown items, fangs 3, iridescent scales
1, see invisible, carnivore 3, speed 1, screaming 1, shaggy fur 2, slow
metabolism 1, strong 1, jump 2
a: Jump Attack, Heroism, Finesse, Renounce Religion, Evoke Berserk Rage


You were on level 4 of the Lair of Beasts.
You worshipped Okawaru.
Okawaru was exalted by your worship.
You were completely stuffed.

You visited 2 branches of the dungeon, and saw 17 of its levels.
You also visited: Sewer, Bailey and Volcano.

You collected 555 gold pieces.

Inventory:

Magical devices
 o - a wand of frost (8) {unknown}
 p - a wand of disintegration (1)
Comestibles
 b - 9 meat rations
 n - a royal jelly
Scrolls
 a - 7 scrolls of teleportation
 f - 4 scrolls of recharging {unknown}
 h - a scroll of random uselessness {unknown}
 k - 2 scrolls of enchant armour
 r - 3 scrolls of blinking {unknown}
 u - a scroll of brand weapon
 w - a scroll of enchant weapon I {unknown}
 z - 2 scrolls of amnesia
 D - 3 scrolls of remove curse
Jewellery
 i - a ring of protection from magic (left paw) {unknown}
 j - an amulet of rage (around neck)
 l - the ring of Xoly Nena {rC- rN+}
   (You acquired it on level 11 of the Dungeon)

   [ring of positive energy]

   It makes you vulnerable to cold.
Potions
 c - a potion of resistance
 e - 6 potions of brilliance
 g - 4 potions of berserk rage {unknown}
 m - a potion of agility
 s - 2 potions of cure mutation
 v - 2 potions of might
 A - a potion of haste
 B - a potion of curing
Books
 q - a book of Wizardry

   Spells                             Type                      Level
   Summon Elemental                   Summoning                    4
   Agony                              Necromancy                   5
   Force Lance                        Conjuration                  5
   Haste                              Charms                       6
   Invisibility                       Hexes                        6
   Spellforged Servitor               Conjuration/Summoning        7
 t - a book of Enchantments

   Spells                             Type                      Level
   Cause Fear                         Hexes                        4
   Silence                            Hexes/Air                    5
   Tukima's Dance                     Hexes                        5
   Deflect Missiles                   Charms/Air                   6
   Haste                              Charms                       6
   Discord                            Hexes                        8
 y - a book of Clouds

   Spells                             Type                      Level
   Mephitic Cloud                     Conjuration/Poison/Air       3
   *Conjure Flame                     Conjuration/Fire             3
   Poisonous Cloud                    Conjuration/Poison/Air       6
   Freezing Cloud                     Conjuration/Ice/Air          6
   Ring of Flames                     Charms/Fire                  7
 C - a book of Alchemy

   Spells                             Type                      Level
   Lethal Infusion                    Charms/Necromancy            2
   Sublimation of Blood               Necromancy                   2
   Condensation Shield                Ice                          4
   Petrify                            Transmutation/Earth          4
   Ignite Poison                      Fire/Transmutation           5
 E - a book of the Tempests

   Spells                             Type                      Level
   Static Discharge                   Conjuration/Air              3
   Lightning Bolt                     Conjuration/Air              5
   Fireball                           Conjuration/Fire             5
   Tornado                            Air                          9
   Shatter                            Earth                        9
Miscellaneous
 d - a plain deck of defence
 x - a plain deck of summonings
 F - a sack of spiders


   Skills:
 * Level 9.6 Fighting
 + Level 9.8 Dodging
 + Level 9.4 Stealth
 * Level 11.8 Unarmed Combat
 - Level 2.7 Spellcasting
 - Level 4.2 Conjurations
 - Level 4.3 Fire Magic
 - Level 4.5 Invocations
 * Level 2.5 Evocations


You had 12 spell levels left.
You knew the following spells:

 Your Spells              Type           Power        Failure   Level  Hunger
a - Conjure Flame         Conj/Fire      ##......     14%         3    ###....


Dungeon Overview and Level Annotations

Branches:
Dungeon (12/15)            Temple (0/1) D:6             Orc (0/4) D:9
   Lair (5/8) D:10          Swamp (0/5) Lair:4        Snake (0/5) Lair:4

Altars:
Elyvilon
Fedhas
Nemelex Xobeh
Okawaru
Vehumet
Xom
The Shining One

Annotations:
D:2 Sigmund
D:3 RTR's ghost, weakling FeMo
D:5 Edmund; Eustachio; Natasha
D:9 exclusion: silver statue
Lair:2 Erica; Nergalle


Innate Abilities, Weirdness & Mutations

You cannot wear armour.
You are incapable of wielding weapons or throwing items.
Your paws have sharp claws.
You have razor-sharp teeth.
You have supernaturally acute eyesight.
You are carnivorous and can eat meat at any time.
You cover ground quickly.
You are covered in thick fur (AC +2).
You have a slow metabolism.
You can jump attack at a medium distance.
You are partially covered in iridescent scales (AC +4).
You occasionally shout uncontrollably.
Your muscles are strong. (Str +2)


Message History

The grizzly bear growls angrily.
The spiny frog croaks.
The wolf barks!
The black bear growls angrily.
The spriggan completely misses you. The wolf bites you.
The wolf completely misses you. The spiny frog closely misses you.
Found a choko.
There is a stone staircase leading down here.
Press: ? - help, v - describe, . - travel A stone staircase leading down.
Unknown command.
Read which item? (? for menu, Esc to quit)
Okay, then.
Drink which item? (? for menu, Esc to quit)
Okay, then.
The wolf completely misses you. The black bear completely misses you.
The black bear claws you. The black bear completely misses you.
The spriggan hits you with a cutlass! The wolf bites you!
* * * LOW HITPOINT WARNING * * *
The spiny frog stings you!
You die...

..........%## ##
#..........# #
########...# # ♣♣♣♣♣#
#....# #
#♣♣♣♣♣♣♣♣###...## ##
#♣♣♣...♣♣♣♣##.%.###.
#♣.......♣♣ #..#.#<.
#.♣♣♣♣..U....♣♣##.......
#..♣..@hi....♣♣#.......
#♣.....Fhhi...♣♣#.######
#.♣♣....U.....♣♣#..###P#
# ♣♣♣♣.......♣♣♣#.......
##♣♣.......♣♣##.....##
#♣♣♣.%.♣♣♣###....##
#♣♣♣♣♣♣♣♣♣##.....###
♣♣♣♣♣♣##......#.#
########..........


You could see a grizzly bear, a spiny frog, a black bear, 2 spriggans and 3
wolves.

Vanquished Creatures
  3 hydras
  Pikel (D:8)
  A hill giant (D:12)
  A manticore (D:11)
  A spiny frog (Lair:2)
  A centaur skeleton (D:10)
  3 komodo dragons
  2 slime creatures (D:12)
  3 hippogriffs
  A wyvern (D:10)
  A griffon skeleton (D:12)
  34 yaks
  2 hungry ghosts
  A water moccasin (Lair:2)
  2 wolves (Lair:4)
  5 porcupines
  A necrophage (D:12)
  2 slaves (D:8)
  An ice beast (D:10)
  11 orc warriors (Bailey)
  2 ogres
  A centaur (D:6)
  7 giant frogs
  4 crocodiles
  4 giant slugs
  A yaktaur zombie (D:12)
  8 wights
  6 crimson imps
  A quasit (D:7)
  A goliath beetle (D:11)
  2 jellies
  A giant frog zombie (D:6)
  8 hounds
  3 orc priests
  3 worker ants
  4 orc wizards
  An iguana (Lair:1)
  A sky beast zombie (D:6)
  2 hound zombies
  23 green rats
  7 gnolls
  12 adders
  3 worms
  2 giant mites
  3 shadow imps
  A giant eyeball (D:4)
  4 giant geckos
  30 orcs
  4 ball pythons
  14 bats
  24 goblins
  22 hobgoblins
  4 giant cockroaches
  3 giant newts
  2 hobgoblin skeletons
  10 jackals
  A jackal zombie (D:5)
  16 kobolds
  9 quokkas
  6 rats
337 creatures vanquished.

Vanquished Creatures (others)
  A bush (D:10)
  2 plants (D:10)
3 creatures vanquished.

Grand Total: 340 creatures vanquished

Notes
Turn   | Place    | Note
--------------------------------------------------------------
     0 | D:1      | RTR, the Felid Monk, began the quest for the Orb.
     0 | D:1      | Reached XP level 1. HP: 9/9 MP: 2/2
   182 | D:2      | Found a sparkling altar of Nemelex Xobeh.
   265 | D:2      | Reached XP level 2. HP: 8/13 MP: 3/3
   380 | D:3      | Noticed RTR's ghost (weakling FeMo)
   463 | D:2      | Noticed Sigmund
   641 | D:3      | Found a white marble altar of Elyvilon.
   641 | D:3      | Noticed an angel
   883 | D:4      | Reached XP level 3. HP: 9/16 MP: 5/5
   925 | D:4      | Noticed a scorpion
   989 | D:4      | Reached skill level 5 in Unarmed Combat
   989 | D:4      | Reached XP level 4. HP: 11/19 MP: 7/7
  1086 | D:5      | Entered Level 5 of the Dungeon
  1127 | D:5      | Noticed Edmund
  1226 | D:3      | Reached XP level 5. HP: 9/22 MP: 8/8
  1383 | D:4      | Noticed a centaur
  1404 | D:4      | Gained mutation: You are partially covered in iridescent scales (AC +4). [potion of mutation]
  1404 | D:4      | Gained mutation: Your muscles are strong. (Str +2) [potion of mutation]
  1404 | D:4      | Gained mutation: You occasionally shout uncontrollably. [potion of mutation]
  1596 | D:4      | Reached skill level 6 in Unarmed Combat
  1642 | D:4      | Paralysed by a giant eyeball for 2 turns
  1650 | D:4      | Paralysed by a giant eyeball for 4 turns
  1754 | D:5      | Noticed an ice beast
  1812 | D:5      | Found a glowing drain.
  1848 | Sewer    | Entered a sewer
  2106 | D:5      | Noticed Eustachio
  2106 | D:5      | Noticed Natasha
  2296 | D:6      | Gained mutation: You are covered in thick fur (AC +2). [growing up]
  2296 | D:6      | Gained mutation: You can jump attack at a medium distance. [growing up]
  2296 | D:6      | Reached XP level 6. HP: 23/26 MP: 10/10
  2320 | D:6      | Noticed a hungry ghost
  2321 | D:6      | Noticed a centaur
  2378 | D:6      | Found a staircase to the Ecumenical Temple.
  2410 | D:7      | Noticed a hungry ghost
  2447 | D:7      | Reached skill level 7 in Unarmed Combat
  2614 | D:7      | Found an iron altar of Okawaru.
  2619 | D:7      | Became a worshipper of Warmaster Okawaru
  2619 | D:7      | Acquired Okawaru's first power
  2676 | D:7      | Killed a hungry ghost
  2676 | D:7      | Reached XP level 7. HP: 24/30 MP: 12/12
  2708 | D:8      | Reached skill level 1 in Invocations
  2913 | D:8      | Reached skill level 8 in Unarmed Combat
  2949 | D:8      | Reached skill level 5 in Dodging
  2956 | D:8      | Noticed Pikel
  3045 | D:7      | Found a radiant altar of Vehumet.
  3084 | D:7      | Killed from afar by a hobgoblin
  3085 | D:7      | Reached XP level 6. HP: -3/28 MP: 11/11
  3311 | D:7      | Reached XP level 7. HP: 13/31 MP: 14/14
  3438 | D:8      | Killed Pikel
  3438 | D:8      | Reached skill level 5 in Stealth
  3438 | D:8      | Reached XP level 8. HP: 22/36 MP: 13/16
  3462 | D:9      | Reached skill level 5 in Fighting
  3467 | D:9      | Reached skill level 9 in Unarmed Combat
  3511 | D:9      | Acquired Okawaru's second power
  3794 | D:6      | Found a glowing golden altar of the Shining One.
  3968 | D:6      | Killed a centaur
  3968 | D:6      | Reached XP level 9. HP: 26/41 MP: 19/19
  3987 | D:6      | Found a blossoming altar of Fedhas.
  4135 | D:9      | Found a staircase to the Orcish Mines.
  4263 | D:10     | Entered Level 10 of the Dungeon
  4267 | D:9      | Noticed a hellwing
  4397 | D:10     | Found a shimmering altar of Xom.
  4434 | D:10     | Learned a level 3 spell: Conjure Flame
  4478 | D:10     | Reached skill level 1 in Conjurations
  4478 | D:10     | Reached skill level 1 in Fire Magic
  4524 | D:10     | Reached skill level 1 in Spellcasting
  4748 | D:11     | Noticed a manticore
  4752 | D:11     | Noticed an eight-headed hydra
  4808 | D:11     | Killed an eight-headed hydra
  4852 | D:11     | Reached XP level 10. HP: 25/45 MP: 1/21
  4924 | D:11     | Noticed an efreet
  5123 | D:11     | Killed a manticore
  5145 | D:11     | Found a flagged portal.
  5183 | Bailey   | Entered a bailey
  5541 | Bailey   | Reached skill level 10 in Unarmed Combat
  5726 | Bailey   | Noticed an orc warlord
  6125 | D:12     | Noticed a hill giant
  6139 | D:12     | Killed a hill giant
  6283 | D:12     | Reached XP level 11. HP: 44/51 MP: 22/22
  6331 | D:12     | Slain by a slime creature
  6332 | D:12     | Reached XP level 10. HP: -3/48 MP: 14/21
  6556 | D:11     | Killed from afar by an efreet
  6557 | D:11     | Reached XP level 9. HP: -2/44 MP: 20/20
  6563 | D:11     | Identified a scroll of acquirement
  6564 | D:11     | Got a crude golden ring
  6566 | D:11     | scroll KANIPP destroyed
  6702 | D:10     | Reached skill level 11 in Unarmed Combat
  6718 | D:10     | Reached XP level 10. HP: 16/48 MP: 11/21
  6757 | D:10     | Found a staircase to the Lair.
  6774 | Lair:1   | Entered Level 1 of the Lair of Beasts
  6890 | Lair:1   | Identified the ring of Xoly Nena {rC- rN+} (You acquired it on level 11 of the Dungeon)
  7151 | Lair:2   | Noticed Nergalle
  7293 | Lair:2   | Noticed Erica
  7534 | Lair:3   | Noticed a five-headed hydra
  7561 | Lair:3   | Killed a five-headed hydra
  7767 | Lair:4   | Found a staircase to the Swamp.
  7789 | Lair:4   | HP: 2/49 [yak (15)]
  7794 | Lair:4   | Reached XP level 11. HP: 3/53 MP: 3/22
  7886 | Lair:4   | Found a staircase to the Snake Pit.
  7937 | Lair:4   | Noticed a five-headed hydra
  7982 | Lair:4   | Found a dark tunnel.
  8007 | Volcano  | Entered a volcano
  8110 | Lair:4   | Killed a five-headed hydra
  8110 | Lair:4   | Reached skill level 1 in Evocations
  8475 | Lair:4   | Slain by a spiny frog

Action                   |  1- 3 |  4- 6 |  7- 9 | 10-12 || total
-------------------------+-------+-------+-------+-------++-------
Melee: Unarmed           |    68 |   234 |   309 |   517 ||  1128
 Cast: Conjure Flame     |       |       |    13 |    44 ||    57
Invok: Heroism           |       |       |     3 |     9 ||    12
       Finesse           |       |       |     1 |       ||     1
Evoke: Wand              |       |       |    20 |     1 ||    21
  Use: Scroll            |     2 |     2 |     9 |     6 ||    19
       Potion            |       |     3 |     4 |     3 ||    10
 Stab: Sleeping          |     8 |     4 |     8 |    16 ||    36
       Invisible         |       |       |    15 |       ||    15
       Distracted        |       |       |       |     4 ||     4
